[ AOE2 MATCH · #513640073 ]
UnrankedMongols vs Spanish
Player's team · LOSS
Rival team · WIN
[ REPLAY ANALYSIS · EXTRACTED FROM THE RECORDED GAME ]
Feudal
9:34
Castle
22:07
Imperial
50:27
| APM avg | 26.5 |
| APM peak | 61 |
| eAPM avg | 13.5 |
| Villagers / military | 105 / 97 |
Focus
⚔️ 35.9% · 🌾 64.1%
Camel Scout ×35 · Archer ×26 · Scout Cavalry ×11 · Scorpion ×10 · Monk ×6 · Cavalry Archer ×6
Feudal
10:59
Castle
26:19
Imperial
47:03
| APM avg | 42.1 |
| APM peak | 90 |
| eAPM avg | 20.6 |
| Villagers / military | 144 / 174 |
Focus
⚔️ 23.5% · 🌾 76.5%
Knight ×84 · Spearman ×49 · Conquistador ×25 · Monk ×7 · Trebuchet (Packed) ×5 · Militia ×2
Match map
Initial resources + every placement click. Lines = walls · curves = elevation contours. ◆ gold · ⬟ stone · ● berries · ✦ relic · ◌ wall gap
Your base· Open — unwalled flank
cCc_Shelby's base· Open — 5t gap
Smoothed initial terrain · ◌ = detected wall gap · hover for details
Inputs per minute
— javiadzu - - cCc_Shelby
Build order — javiadzu
First 150 of 351 actions detected
| 0:00 | Queue | Villager (Male) |
| 0:01 | Queue | Villager (Male) |
| 0:01 | Queue | Villager (Male) |
| 0:01 | Queue | Villager (Male) |
| 0:02 | Build | House |
| 0:04 | Build | House |
| 1:27 | Queue | Villager (Male) |
| 1:28 | Queue | Villager (Male) |
| 1:40 | Queue | Villager (Male) |
| 2:08 | Queue | Villager (Male) |
| 2:14 | Build | Lumber Camp |
| 2:34 | Queue | Villager (Male) |
| 2:50 | Queue | Villager (Male) |
| 2:50 | Queue | Villager (Male) |
| 3:23 | Queue | Villager (Male) |
| 3:23 | Queue | Villager (Male) |
| 3:30 | Build | House |
| 4:07 | Queue | Villager (Male) |
| 4:07 | Queue | Villager (Male) |
| 4:38 | Queue | Villager (Male) |
| 4:38 | Queue | Villager (Male) |
| 5:20 | Queue | Villager (Male) |
| 6:09 | Queue | Villager (Male) |
| 6:17 | Build | Mill |
| 6:26 | Queue | Villager (Male) |
| 6:27 | Research | Loom |
| 7:05 | Research | Feudal Age |
| 7:35 | Build | Barracks |
| 8:09 | Build | House |
| 8:15 | Queue | Villager (Male) |
| 8:16 | Queue | Villager (Male) |
| 9:18 | Build | Farm |
| 9:18 | Build | Farm |
| 9:34 | Age | Feudal Age |
| 9:39 | Build | Stable |
| 9:45 | Build | Farm |
| 10:07 | Build | Stable |
| 10:09 | Build | Palisade Wall |
| 10:20 | Build | Farm |
| 10:22 | Queue | Villager (Male) |
| 10:29 | Build | House |
| 10:30 | Build | House |
| 10:36 | Build | Farm |
| 10:43 | Queue | Villager (Male) |
| 10:48 | Queue | Scout Cavalry |
| 10:49 | Queue | Scout Cavalry |
| 10:56 | Queue | Villager (Male) |
| 10:57 | Queue | Villager (Male) |
| 11:15 | Queue | Scout Cavalry |
| 11:21 | Build | Farm |
| 11:23 | Build | Farm |
| 11:36 | Queue | Villager (Male) |
| 11:44 | Build | Farm |
| 11:51 | Queue | Scout Cavalry |
| 12:01 | Queue | Villager (Male) |
| 12:06 | Build | House |
| 12:27 | Queue | Villager (Male) |
| 12:30 | Build | Farm |
| 12:30 | Build | Farm |
| 12:40 | Queue | Villager (Male) |
| 12:52 | Queue | Villager (Male) |
| 12:56 | Build | Mining Camp |
| 13:20 | Queue | Villager (Male) |
| 13:40 | Research | Double-Bit Axe |
| 14:17 | Queue | Villager (Male) |
| 14:17 | Queue | Villager (Male) |
| 14:27 | Build | Archery Range |
| 14:41 | Queue | Villager (Male) |
| 14:48 | Build | Lumber Camp |
| 14:59 | Build | House |
| 15:11 | Queue | Villager (Male) |
| 15:17 | Queue | Villager (Male) |
| 15:43 | Build | Archery Range |
| 15:45 | Queue | Archer |
| 15:45 | Queue | Archer |
| 15:57 | Queue | Villager (Male) |
| 16:12 | Build | Palisade Wall |
| 16:30 | Queue | Archer |
| 16:43 | Queue | Villager (Male) |
| 16:55 | Queue | Archer |
| 16:56 | Queue | Archer |
| 17:01 | Build | House |
| 17:11 | Research | Town Watch |
| 17:29 | Build | House |
| 17:30 | Build | House |
| 18:02 | Queue | Archer |
| 18:02 | Queue | Archer |
| 18:21 | Queue | Archer |
| 18:21 | Queue | Archer |
| 18:26 | Build | Market |
| 18:44 | Build | House |
| 19:27 | Research | Castle Age |
| 19:53 | Queue | Archer |
| 19:53 | Queue | Archer |
| 19:56 | Build | Blacksmith |
| 20:46 | Research | Fletching |
| 21:15 | Queue | Archer |
| 21:15 | Queue | Archer |
| 21:36 | Queue | Villager (Male) |
| 22:07 | Age | Castle Age |
| 22:10 | Research | Crossbowman (upgrade) |
| 22:11 | Research | Thumb Ring |
| 22:23 | Build | Siege Workshop |
| 22:29 | Research | Bodkin Arrow |
| 22:48 | Queue | Mangonel |
| 22:49 | Queue | Mangonel |
| 23:01 | Build | Town Center |
| 23:43 | Queue | Mangonel |
| 23:55 | Queue | Villager (Male) |
| 23:56 | Queue | Villager (Male) |
| 24:06 | Build | Farm |
| 24:06 | Build | Farm |
| 24:07 | Build | Farm |
| 24:07 | Build | Farm |
| 24:08 | Queue | Villager (Male) |
| 24:09 | Queue | Villager (Male) |
| 24:21 | Queue | Archer |
| 24:22 | Queue | Archer |
| 26:17 | Queue | Villager (Male) |
| 26:18 | Queue | Villager (Male) |
| 26:49 | Queue | Villager (Male) |
| 26:50 | Queue | Villager (Male) |
| 26:55 | Build | House |
| 26:56 | Build | House |
| 27:03 | Build | Stable |
| 27:25 | Queue | Villager (Male) |
| 27:25 | Queue | Villager (Male) |
| 27:32 | Queue | Archer |
| 27:33 | Queue | Archer |
| 27:46 | Queue | Villager (Male) |
| 27:46 | Queue | Villager (Male) |
| 28:02 | Queue | Camel Scout |
| 28:03 | Queue | Camel Scout |
| 28:03 | Queue | Camel Scout |
| 28:07 | Queue | Villager (Male) |
| 28:07 | Queue | Villager (Male) |
| 28:23 | Build | Farm |
| 28:23 | Build | Farm |
| 28:23 | Build | Farm |
| 28:23 | Build | Farm |
| 28:23 | Build | Farm |
| 28:24 | Build | Farm |
| 28:30 | Queue | Camel Scout |
| 28:30 | Queue | Camel Scout |
| 28:43 | Queue | Villager (Male) |
| 28:43 | Queue | Villager (Male) |
| 28:48 | Build | House |
| 28:49 | Build | House |
| 28:50 | Build | House |
| 29:15 | Research | Forging |
Build order — cCc_Shelby
First 150 of 419 actions detected
| 0:02 | Queue | Villager (Male) |
| 0:02 | Queue | Villager (Male) |
| 0:02 | Queue | Villager (Male) |
| 0:04 | Build | House |
| 0:05 | Build | House |
| 0:06 | Queue | Villager (Male) |
| 0:06 | Queue | Villager (Male) |
| 1:43 | Queue | Villager (Male) |
| 1:51 | Queue | Villager (Male) |
| 2:20 | Build | Lumber Camp |
| 2:43 | Queue | Villager (Male) |
| 2:44 | Queue | Villager (Male) |
| 2:44 | Queue | Villager (Male) |
| 3:43 | Queue | Villager (Male) |
| 4:12 | Queue | Villager (Male) |
| 4:12 | Queue | Villager (Male) |
| 4:41 | Queue | Villager (Male) |
| 4:47 | Build | House |
| 5:10 | Queue | Villager (Male) |
| 5:18 | Build | Mill |
| 5:21 | Queue | Villager (Male) |
| 5:28 | Queue | Villager (Male) |
| 5:35 | Queue | Villager (Male) |
| 5:55 | Build | House |
| 6:05 | Build | Palisade Wall |
| 6:11 | Queue | Villager (Male) |
| 6:43 | Queue | Villager (Male) |
| 7:13 | Build | Mining Camp |
| 7:33 | Queue | Villager (Male) |
| 8:07 | Queue | Villager (Male) |
| 8:17 | Research | Feudal Age |
| 8:24 | Build | Mining Camp |
| 9:35 | Build | Barracks |
| 9:38 | Build | Palisade Wall |
| 9:54 | Queue | Villager (Male) |
| 9:54 | Queue | Villager (Male) |
| 10:33 | Build | House |
| 10:36 | Build | House |
| 10:38 | Build | House |
| 10:45 | Build | Palisade Wall |
| 10:57 | Queue | Militia |
| 10:57 | Queue | Militia |
| 10:59 | Age | Feudal Age |
| 11:14 | Queue | Spearman |
| 11:14 | Queue | Spearman |
| 11:14 | Queue | Spearman |
| 11:25 | Build | Mill |
| 11:30 | Queue | Villager (Male) |
| 11:39 | Build | Palisade Wall |
| 11:52 | Build | Palisade Wall |
| 11:53 | Build | Palisade Wall |
| 12:07 | Build | Gate |
| 12:12 | Queue | Spearman |
| 12:15 | Queue | Villager (Male) |
| 12:17 | Queue | Villager (Male) |
| 12:32 | Build | House |
| 13:00 | Build | House |
| 13:03 | Build | House |
| 13:06 | Queue | Villager (Male) |
| 13:07 | Queue | Villager (Male) |
| 13:19 | Queue | Spearman |
| 13:19 | Queue | Spearman |
| 13:20 | Queue | Spearman |
| 13:21 | Queue | Spearman |
| 13:53 | Build | Palisade Wall |
| 13:58 | Build | Palisade Gate |
| 14:06 | Queue | Villager (Male) |
| 14:07 | Queue | Villager (Male) |
| 14:11 | Build | Farm |
| 14:12 | Build | Farm |
| 14:12 | Build | Farm |
| 14:12 | Build | Farm |
| 14:12 | Build | Farm |
| 14:13 | Build | Farm |
| 14:13 | Build | Farm |
| 14:13 | Build | Farm |
| 14:21 | Queue | Spearman |
| 14:41 | Build | Lumber Camp |
| 14:44 | Build | Farm |
| 14:44 | Build | Farm |
| 14:44 | Build | Farm |
| 14:44 | Build | Farm |
| 14:45 | Build | Farm |
| 14:45 | Build | Farm |
| 14:54 | Queue | Villager (Male) |
| 15:25 | Queue | Villager (Male) |
| 15:25 | Queue | Villager (Male) |
| 15:26 | Queue | Villager (Male) |
| 15:28 | Build | Farm |
| 15:28 | Build | Farm |
| 15:28 | Build | Farm |
| 15:29 | Build | Farm |
| 15:29 | Build | Farm |
| 15:29 | Build | Farm |
| 15:35 | Queue | Villager (Male) |
| 15:52 | Queue | Spearman |
| 16:03 | Queue | Villager (Male) |
| 16:15 | Queue | Villager (Male) |
| 16:19 | Build | Farm |
| 16:19 | Build | Farm |
| 16:20 | Build | Farm |
| 16:20 | Build | Farm |
| 16:32 | Queue | Villager (Male) |
| 17:20 | Build | Watch Tower |
| 17:29 | Queue | Villager (Male) |
| 17:32 | Queue | Spearman ×5 |
| 17:51 | Build | House |
| 18:14 | Queue | Villager (Male) |
| 18:14 | Queue | Villager (Male) |
| 18:19 | Build | House |
| 18:29 | Queue | Villager (Male) |
| 18:29 | Queue | Villager (Male) |
| 18:37 | Build | Watch Tower |
| 19:01 | Build | House |
| 19:07 | Build | Palisade Wall |
| 19:09 | Queue | Villager (Male) |
| 19:09 | Queue | Villager (Male) |
| 19:20 | Queue | Spearman |
| 19:30 | Build | Watch Tower |
| 19:45 | Build | Palisade Wall |
| 19:47 | Build | Palisade Wall |
| 19:48 | Build | Palisade Wall |
| 19:49 | Build | Palisade Wall |
| 19:50 | Build | Palisade Wall |
| 20:15 | Build | Watch Tower |
| 20:40 | Build | Watch Tower |
| 20:43 | Build | House |
| 20:50 | Build | House |
| 21:18 | Queue | Villager (Male) |
| 21:18 | Queue | Villager (Male) |
| 21:18 | Queue | Villager (Male) |
| 21:18 | Queue | Villager (Male) |
| 21:23 | Build | House |
| 21:24 | Build | House |
| 21:27 | Build | Farm |
| 21:27 | Build | Farm |
| 21:28 | Build | Farm |
| 21:28 | Build | Farm |
| 21:28 | Build | Farm |
| 21:29 | Build | Farm |
| 21:29 | Build | Farm |
| 21:29 | Build | Farm |
| 21:29 | Build | Farm |
| 21:30 | Build | Farm |
| 21:43 | Queue | Villager (Male) |
| 22:10 | Queue | Villager (Male) |
| 22:13 | Build | Farm |
| 22:13 | Build | Farm |
| 22:13 | Build | Farm |
| 22:13 | Build | Farm |
Match timeline
| 6:05 | cCc_Shelby · wall_segment Palisade Wall x1 |
| 7:35 | javiadzu · first_building Barracks |
| 9:34 | javiadzu · age_up feudal |
| 9:35 | cCc_Shelby · first_building Barracks |
| 9:38 | cCc_Shelby · wall_segment Palisade Wall x1 |
| 9:39 | javiadzu · first_building Stable |
| 10:09 | javiadzu · wall_segment Palisade Wall x1 |
| 10:45 | cCc_Shelby · wall_segment Palisade Wall x12 |
| 10:59 | cCc_Shelby · age_up feudal |
| 11:39 | cCc_Shelby · wall_segment Palisade Wall x12 |
| 11:52 | cCc_Shelby · wall_segment Palisade Wall x6 |
| 11:53 | cCc_Shelby · wall_segment Palisade Wall x1 |
| 13:53 | cCc_Shelby · wall_segment Palisade Wall x5 |
| 14:27 | javiadzu · first_building Archery Range |
| 16:12 | javiadzu · wall_segment Palisade Wall x12 |
| 19:07 | cCc_Shelby · wall_segment Palisade Wall x2 |
| 19:45 | cCc_Shelby · wall_segment Palisade Wall x1 |
| 19:47 | cCc_Shelby · wall_segment Palisade Wall x1 |
| 19:48 | cCc_Shelby · wall_segment Palisade Wall x1 |
| 19:49 | cCc_Shelby · wall_segment Palisade Wall x1 |
| 19:50 | cCc_Shelby · wall_segment Palisade Wall x1 |
| 22:07 | javiadzu · age_up castle |
| 22:23 | javiadzu · first_building Siege Workshop |
| 24:39 | cCc_Shelby · first_building Stable |
| 26:17 | cCc_Shelby · first_market_buy 100 wood |
| 26:19 | cCc_Shelby · age_up castle |
| 31:21 | cCc_Shelby · first_building Monastery |
| 32:09 | cCc_Shelby · first_market_sell 100 wood |
| 32:13 | javiadzu · first_building Monastery |
| 36:03 | javiadzu · wall_segment Palisade Wall x10 |
| 36:07 | cCc_Shelby · wall_segment Palisade Wall x10 |
| 38:30 | javiadzu · wall_segment Palisade Wall x6 |
| 41:07 | cCc_Shelby · first_building Castle |
| 41:45 | javiadzu · first_building Castle |
| 46:05 | javiadzu · first_market_sell 100 food |
| 47:03 | cCc_Shelby · age_up imperial |
| 50:27 | javiadzu · age_up imperial |
| 52:47 | javiadzu · wall_segment Stone Wall x7 |
| 54:45 | javiadzu · resign |
[ AI ANALYSIS · 1 CREDIT ]
What really happened in this match?
Wolo.gg analyzes every decision: build order, eco, micro, common mistakes by bracket. Personalized analysis on WhatsApp or Discord in 30 seconds.
Civ guide
Mongols
Perfil
Jugador #4699505